 Dungeon Sprint DCSS version 0.30-a0-779-g7971cf19c3 (webtiles) character file.

Game seed: 4415251108035857614

601 dialectric the Basher (level 7, -9/65 HPs)
             Began as a Demonspawn Berserker on Feb 17, 2023.
             Was a Priest of Trog.
             Mangled by a flying skull (10 damage)
             ... in the Dungeon (Sprint II: "The Violet Keep of Menkaure").
             The game lasted 00:00:54 (206 turns).

dialectric the Basher (Demonspawn Berserker)         Turns: 206, Time: 00:00:55

Health: -9/65      AC:  3    Str: 20      XL:     7   Next: 18%
Magic:  7/7        EV: 12    Int:  3 (8)  God:    Trog [***...]
Gold:   243        SH:  0    Dex:  8      Spells: 6/6 levels left

rFire   . . .      SeeInvis .    a - +0 mace
rCold   . . .      Faith    .    (no shield)
rNeg    . . .      Spirit   .    b - +0 animal skin
rPois   .          Reflect  .    (no helmet)
rElec   .          Harm     .    (no cloak)
rCorr   .          Rampage  .    (no gloves)
Will    .....      NoTele   +    (no boots)
Stlth   +                        (no amulet)
HPRegen 0.30/turn                (no ring)
MPRegen 0.10/turn                (no ring)

@: no status effects
A: ignite blood 2, weakness stinger 1, clumsy 2, shaggy fur 1
a: Renounce Religion, Berserk, Trog's Hand


You were in the Dungeon.
You worshipped Trog.
Trog was most pleased with you.
You visited 1 branch You collected 243 gold pieces.

Inventory:

Hand Weapons
 a - a +0 mace (weapon)
Armour
 b - a +0 animal skin (worn)
Scrolls
 h - a scroll of blinking
Potions
 e - a potion of haste
 f - 2 potions of magic
 g - a potion of berserk rage


   Skills:
 + Level 9.7 Fighting
 + Level 10.0 Maces & Flails
 + Level 4.6 Armour
 * Level 4.9 Dodging


You had 6 spell levels left.
You didn't know any spells.
Your spell library was empty.

Dungeon Overview and Level Annotations

Branches:
Dungeon (1/1)

Altars:

Annotations:
D Menkaure


Innate Abilities, Weirdness & Mutations

Your demonic aura often causes spilled blood to erupt in flames.
You have a small tail.
You are very clumsy. (Dex -4)
You are covered in fur. (AC +1)


Message History

You feel dopey. Something feeds on your intellect!
You feel much better.
You recover from your berserk rage.
The flying skull hits you! The neqoxec gestures at you.
Strange energies course through your body.
You feel clumsy. The flying skull hits you!
* * * LOW HITPOINT WARNING * * *
You feel better. The flying skull barely misses you.
The neqoxec gestures at you.
Strange energies course through your body.
You feel clumsy.
You closely miss the neqoxec.
You tail-slap the neqoxec, but do no damage.
The neqoxec is severely wounded.
The flying skull closely misses you. The neqoxec hits you.
* * * LOW HITPOINT WARNING * * *
The flying skull hits you but does no damage.
You barely miss the neqoxec.
The neqoxec is severely wounded.
The flying skull hits you.
* * * LOW HITPOINT WARNING * * *
The neqoxec gestures at you.
Something tries to feed on your intellect!
You closely miss the neqoxec. You tail-slap the neqoxec!
The neqoxec is almost dead.
The flying skull completely misses you. The neqoxec closely misses you.
You barely miss the neqoxec. You punch the neqoxec.
The neqoxec is almost dead.
The flying skull hits you!
* * * LOW HITPOINT WARNING * * *
The flying skull hits you.
* * * LOW HITPOINT WARNING * * *
You hit the neqoxec.
You kill the neqoxec!
Trog accepts your kill. The flying skull hits you!
You die... .○○○ #zzz #.z. ''z

M.. ##'#
#.$.##
##z# ###
##@##
#.###'##
##..##.##
+.##†.<.+
##.3##.##
#.###+#
###


You could see a flying skull.

Vanquished Creatures
  4 neqoxecs (D)
  4 scorpions (D)
8 creatures vanquished.

Notes
Turn   | Place    | Note
-------+----------+-------------------------------------------
     0 | D        | dialectric the Demonspawn Berserker began the quest for the
                  | Orb.
     0 | D        | Reached XP level 1. HP: 18/18 MP: 1/1
     1 | D        | Noticed a scorpion
     1 | D        | Noticed a scorpion
     1 | D        | Noticed a scorpion
     1 | D        | Noticed a scorpion
     5 | D        | Killed a scorpion
     6 | D        | Reached skill level 5 in Fighting
     6 | D        | Reached skill level 5 in Maces & Flails
     6 | D        | Gained mutation: Your demonic aura sometimes causes spilled
                  | blood to erupt in flames. [demonic ancestry]
     6 | D        | Reached XP level 2. HP: 25/27 MP: 2/2
     6 | D        | Gained mutation: Your demonic aura often causes spilled
                  | blood to erupt in flames. [demonic ancestry]
     6 | D        | Reached XP level 3. HP: 31/33 MP: 3/3
     8 | D        | Killed a scorpion
     9 | D        | Reached skill level 6 in Maces & Flails
     9 | D        | Gained mutation: You have a small tail. [demonic ancestry]
     9 | D        | Reached XP level 4. HP: 36/41 MP: 4/4
    11 | D        | Killed a scorpion
    11 | D        | Reached ** piety under Trog
    12 | D        | Reached skill level 7 in Maces & Flails
    12 | D        | Reached XP level 5. HP: 39/48 MP: 5/5
   133 | D        | Noticed a neqoxec
   133 | D        | Noticed a neqoxec
   137 | D        | Killed a neqoxec
   138 | D        | Reached skill level 9 in Maces & Flails
   138 | D        | Reached XP level 6. HP: 57/57 MP: 6/6
   138 | D        | Noticed a neqoxec
   146 | D        | Killed a neqoxec
   148 | D        | Gained mutation: You are covered in fur. (AC +1) [a
                  | neqoxec]
   159 | D        | Killed a neqoxec
   159 | D        | Reached *** piety under Trog
   160 | D        | Reached skill level 10 in Maces & Flails
   160 | D        | Reached XP level 7. HP: 24/65 MP: 7/7
   188 | D        | Noticed a neqoxec
   193 | D        | Noticed a flying skull
   193 | D        | Noticed a flying skull
   193 | D        | Noticed a flying skull
   193 | D        | Noticed a flying skull
   193 | D        | Noticed a flying skull
   193 | D        | Noticed a flying skull
   193 | D        | Noticed a flying skull
   193 | D        | Noticed Menkaure
   200 | D        | Gained mutation: You are clumsy. (Dex -2) [a neqoxec]
   201 | D        | Gained mutation: You are very clumsy. (Dex -4) [a neqoxec]
   205 | D        | HP: 3/65 [flying skull (11)]
   205 | D        | HP: 1/65 [flying skull (2)]
   206 | D        | Killed a neqoxec
   206 | D        | Mangled by a flying skull

Illustrated notes

Levels and vault maps discovered:
D:        the_violet_keep_of_menkaure [sprint2_stairs_cluster_1,
          sprint2_shoproom, sprint2_temple, sprint2_basic_supplies,
          sprint2_obstacle_5, sprint2_obstacle_6, sprint2_obstacle_1,
          sprint2_obstacle_7, sprint2_obstacle_4, sprint2_timed_cluster_1,
          sprint2_smallroom_cluster_1, sprint2_smallroom_final_cluster_1,
          sprint2_transparent_cluster_1, sprint2_second_timed_cluster_1,
          sprint2_sniper_area_1, sprint2_heavy_combat_area_1,
          sprint2_mutation_trap_area_1, sprint2_forest_area_1,
          sprint2_light_combat_area_1, sprint2_behind_water_1,
          sprint2_near_end_vault_1]

Skill      XL: |  1  2  3  4  5  6 |
---------------+-------------------+-----
Fighting       | 5 6 7 8 9 |  9.7
Maces & Flails | 5 6 7 9 10 | 10.0
Armour         | 2 3 4 |  4.6
Dodging        | 2 3 4 |  4.9

Action                     |  1- 3 |  4- 6 |  7- 9 || total
---------------------------+-------+-------+-------++-------
  Melee: Mace              |     6 |    29 |    10 ||    45
         Tailslap          |       |     1 |     2 ||     3
         Punch             |       |       |     1 ||     1
 Invoke: Berserk           |     1 |     1 |       ||     2
    Use: Potion            |       |       |     2 ||     2
 Armour: Animal skin       |       |     1 |     3 ||     4
  Dodge: Dodged            |     3 |     5 |     6 ||    14

Table legend: (Time is in decaauts)
 A = Elapsed time spent in this place.
 B = Non-inter-level travel time spent in this place.
 C = Inter-level travel time spent in this place.
 D = Time resting spent in this place.
 E = Time spent auto-exploring this place.
 F = Levels seen in this place.
 G = Mean time per level.
                   A        B        C        D        E       F      G
               +--------+--------+--------+--------+--------+-----+--------+
         Total |    223 |    223 |      0 |    156 |      0 |   1 |  223.0 |
       Dungeon |    223 |    223 |      0 |    156 |      0 |   1 |  223.0 |
               +--------+--------+--------+--------+--------+-----+--------+

Top non-repeatable levels by time:
       D: 223 daAuts
